 Dungeon Crawl Stone Soup version 0.31.0-9-g3a7656b989 (webtiles) character file.

Game seed: 7007758154596096019

341 Peloso the Covered (level 6, -4/53 HPs)
             Began as a Minotaur Fighter on Jan 31, 2024.
             Slain by an ogre
             ... wielding a +0 giant club
              (11 damage)
             ... on level 3 of the Dungeon.
             The game lasted 00:05:54 (2875 turns).

Peloso the Covered (Minotaur Fighter)               Turns: 2875, Time: 00:05:55

Health: -4/53      AC: 13    Str: 21    XL:     6   Next: 30%
Magic:  5/5        EV:  8    Int:  5    God:
Gold:   180        SH:  5    Dex: 11    Spells: 5/5 levels left

rFire   . . .        a - +0 long sword
rCold   . . .        d - +0 buckler
rNeg    . . .        c - +0 chain mail
rPois   .            l - +2 hat
rElec   .            (no cloak)
rCorr   .            m - +0 pair of gloves
SInv    .            (no boots)
Will    .....        (no amulet) Stlth
                     (no ring)
HPRegen 0.28/turn    (no ring)
MPRegen 0.09/turn

%: no passive effects
@: mighty
A: horns 2, retaliatory headbutt
a: no special abilities


You were on level 3 of the Dungeon.
You visited 1 branch of the dungeon, and saw 4 of its levels.

You collected 180 gold pieces.

Inventory:

Hand Weapons
 a - a +0 long sword (weapon)
Armour
 b - a +0 scale mail
 c - a +0 chain mail (worn)
 d - a +0 buckler (worn)
 l - a +2 hat (worn)
 m - a +0 pair of gloves (worn)
Scrolls
 f - a scroll of enchant weapon {unknown}
 g - a scroll of summoning {unknown}
 h - a scroll of teleportation {unknown}
 i - 3 scrolls of identify
 j - a scroll of fear {unknown}
 k - a scroll of fog
 n - a scroll of enchant armour {unknown}
 o - a scroll of immolation {unknown}


   Skills:
 + Level 4.6 Fighting
 + Level 5.2 Long Blades
 + Level 5.3 Armour
 + Level 1.3 Dodging
 + Level 0.3 Stealth
 + Level 4.7 Shields


You had 5 spell levels left.
You didn't know any spells.
Your spell library contained the following spells:

 Spells                   Type           Power      Damage    Failure   Level
 Kiss of Death            Conj/Necr      0%         2d5       99%         1
 Cigotuvi's Dreadful Rot  Necr/Alch/Air  0%         N/A       99%         2
 Mercury Vapours          Alch/Air       0%         N/A       99%         2
 Confusing Touch          Hex            0%         N/A       100%        3
 Hailstorm                Conj/Ice       0%         3d5       100%        3
 Mephitic Cloud           Conj/Alch/Air  0%         N/A       100%        3
 Summon Ice Beast         Ice/Summ       0%         N/A       100%        3
 Tukima's Dance           Hex            0%         N/A       100%        3
 Dispel Undead            Necr           0%         3d6       100%        4
 Ignite Poison            Fire/Alch      0%         N/A       100%        4
 Passage of Golubria      Tloc           0%         N/A       100%        4
 Freezing Cloud           Conj/Ice/Air   0%         6-21      100%        5
 Yara's Violent Unravell  Hex/Alch       0%         3d3       100%        5
 Sculpt Simulacrum        Ice/Alch       0%         N/A       100%        6


Dungeon Overview and Level Annotations

Branches:
Dungeon (4/15)
 Temple: D:4-7

Altars:
Wu Jian
Xom

Annotations:
D:3 3 runed translucent doors, CapUranus's ghost, amateur GrFi
D:4 Ijyb; Pikel


Innate Abilities, Weirdness & Mutations

You have a pair of horns on your head.
You reflexively headbutt those who attack you in melee.


Message History

You hear a shout!
You hit the quokka.
The quokka is moderately wounded.
The quokka closely misses you. The hobgoblin completely misses you.
The quokka bites you but does no damage.
A giant cockroach comes into view.
You block the hobgoblin's attack.
Unknown command.
You closely miss the quokka.
The quokka is moderately wounded.
The quokka bites you but does no damage.
The hobgoblin closely misses you. You furiously retaliate!
You headbutt the hobgoblin.
Unknown command.
You hit the quokka.
You kill the quokka!
The hobgoblin barely misses you.
Unknown command.
You closely miss the hobgoblin. Your headbutt misses the hobgoblin.
The hobgoblin is almost dead.
The hobgoblin barely misses you.
Unknown command.
You slash the hobgoblin!
You kill the hobgoblin!
The giant cockroach bites you but does no damage.
Unknown command.
You aren't carrying any items that you can evoke.
Unknown command.
You hit the giant cockroach.
The giant cockroach is almost dead.
The giant cockroach barely misses you.
The giant cockroach bites you but does no damage.
You feel very mighty all of a sudden. The giant cockroach barely misses you.
You furiously retaliate!
You headbutt the giant cockroach!
You kill the giant cockroach!
You slash the ogre! Your headbutt misses the ogre.
The ogre is heavily wounded.
The ogre hits you with a +0 giant club!
You die...

##.#
#..:.....#
##.#
##.O....####
##..
##....##..##
####
.#.####....#
...........#
...........#
####
...........#
...#
......†.†..#
####
......O@...#
......†...##
...#.....##
# #######


You could see an ogre.

Vanquished Creatures
  A scorpion (D:4)
  A jelly (D:4)
  A bombardier beetle (D:3)
  A sleepcap (D:4)
  An iguana (D:4)
  Robin (D:2)
  3 gnolls (D:2)
  2 ribbon worms
  2 dart slugs (D:2)
  5 orcs
  6 endoplasms
  11 giant cockroaches
  9 hobgoblins
  7 jackals
  4 quokkas
  9 ball pythons
  6 bats
  6 frilled lizards
  16 goblins
  10 kobolds
  9 rats
111 creatures vanquished.

Notes
Turn   | Place    | Note
-------+----------+-------------------------------------------
     0 | D:1      | Peloso the Minotaur Fighter began the quest for the Orb.
     0 | D:1      | Reached XP level 1. HP: 19/19 MP: 0/0
   212 | D:1      | Reached XP level 2. HP: 23/27 MP: 1/1
   533 | D:1      | Found a faded altar of an unknown god.
   650 | D:1      | Reached XP level 3. HP: 33/33 MP: 2/2
  1448 | D:2      | Noticed Robin
  1459 | D:2      | Reached XP level 4. HP: 25/40 MP: 3/3
  1468 | D:2      | Killed Robin
  1890 | D:2      | Found an ornate altar of the Wu Jian Council.
  1893 | D:2      | Identified the +0 robe of Topoz {Harm Int+3}
  2345 | D:3      | Found a runed translucent gate.
  2346 | D:3      | Found a runed translucent gate.
  2349 | D:3      | Found a runed translucent gate.
  2398 | D:3      | Noticed CapUranus's ghost (amateur GrFi)
  2423 | D:3      | Reached XP level 5. HP: 24/46 MP: 4/4
  2653 | D:3      | Noticed an ogre
  2691 | D:4      | Reached skill level 5 in Armour
  2725 | D:4      | Reached skill level 1 in Dodging
  2772 | D:4      | Reached XP level 6. HP: 53/53 MP: 5/5
  2793 | D:4      | Reached skill level 5 in Long Blades
  2794 | D:4      | Found a shimmering altar of Xom.
  2802 | D:4      | Noticed Ijyb
  2843 | D:4      | Noticed Pikel
  2855 | D:4      | HP: 2/53 [poisoned by an orc wizard]
  2875 | D:3      | Slain by an ogre

Illustrated notes

Levels and vault maps discovered:
D:1:      beargit_arrival_greenhouse, layout_basic,
          chequers_ecumenical_altar_simple_redux, lexackson_kobold_supper
D:2:      layout_basic, basic_altar, chequers_serial_rivers_micro_b, uniq_robin
D:3:      minmay_roachtagon, layout_rooms, gammafunk_ghost_icy, moated_statue
D:4:      layout_cave_pools, mainiacjoe_overflow_alcove_1,
          minmay_temple_entry_grid, st_stairs_4, uniq_pikel, uniq_blork_the_orc,
          uniq_ijyb

Skill      XL: |  1  2  3  4  5  6 |
---------------+-------------------+-----
Armour         | 4 5 |  5.3
Shields        | 4 |  4.7
Fighting       | 4 |  4.6
Long Blades    | 3 4 5 |  5.2
Dodging        | 1 |  1.3
Stealth        | |  0.3

Action                     |  1- 3 |  4- 6 || total
---------------------------+-------+-------++-------
  Melee: Long sword        |   381 |   172 ||   553
         Headbutt          |   121 |    30 ||   151
    Use: Potion            |       |     3 ||     3
         Scroll            |       |     1 ||     1
 Armour: Chain mail        |   104 |   152 ||   256
         Scale mail        |     3 |       ||     3
  Dodge: Dodged            |    29 |    73 ||   102
  Block: Buckler           |    30 |    46 ||    76
